 Dungeon Crawl Stone Soup version 0.28.0-53-g5a82cb258f (webtiles) character file.

Game seed: 4070063472518719405

39 SoupLadl the Firebug (level 3, -3/26 HPs)
             Began as a Draconian Fire Elementalist on July 21, 2022.
             Was a Follower of Makhleb.
             Slain by an ogre
             ... wielding a +0 giant club
              (14 damage)
             ... on level 3 of the Dungeon.
             The game lasted 00:10:47 (1032 turns).

SoupLadl the Firebug (Draconian Fire Elementalist)  Turns: 1032, Time: 00:10:48

Health: -3/26      AC:  5    Str: 10    XL:     3   Next: 26%
Magic:  4/6        EV: 12    Int: 17    God:    Makhleb [*.....]
Gold:   73         SH:  0    Dex: 11    Spells: 5/6 levels left

rFire   . . .      SeeInvis .   a - +0 hand axe
rCold   . . .      Faith    .   (no shield)
rNeg    . . .      Spirit   .   (armour unavailable)
rPois   .          Reflect  .   (helmet restricted)
rElec   .          Harm     .   (no cloak)
rCorr   .          Rampage  .   (no gloves)
Will    .....                   (no boots)
Stlth   ++........              (no amulet)
HPRegen 0.08/turn               (no ring)
MPRegen 0.10/turn               (no ring)

@: no status effects
A: AC +5, unfitting armour, cold-blooded
a: Renounce Religion


You were on level 3 of the Dungeon.
You worshipped Makhleb.
Makhleb was aware of your devotion.
You visited 1 branch of the dungeon, and saw 4 of its levels.

You collected 73 gold pieces.

Inventory:

Hand Weapons
 a - a +0 hand axe (weapon)
 b - a +0 dagger
 d - a +0 dagger
Scrolls
 e - a scroll of teleportation {unknown}
 f - a scroll of holy word {unknown}
 g - a scroll of identify {unknown}
Potions
 c - a potion of lignification {unknown}


   Skills:
 + Level 0.9 Axes
 + Level 2.2 Dodging
 + Level 1.7 Stealth
 + Level 2.1 Spellcasting
 + Level 1.1 Conjurations
 + Level 3.7 Fire Magic


You had 5 spell levels left.
You knew the following spells:

 Your Spells              Type           Power      Damage    Failure   Level
a - Foxfire               Conj/Fire      40%        2x1d6     7%          1

Your spell library contained the following spells:

 Spells                   Type           Power      Damage    Failure   Level
 Scorch                   Fire           28%        2d6       6%          2
 Conjure Flame            Conj/Fire      10%        6-21      22%         3
 Inner Flame              Hex/Fire       8%         N/A       26%         3
 Flame Wave               Conj/Fire      10%        2d5       56%         4


Dungeon Overview and Level Annotations

Branches:
Dungeon (4/15)
 Temple: D:4-7

Altars:
Makhleb


Innate Abilities, Weirdness & Mutations

Your plain brown scales are hard. (AC +5)
You cannot fit into any form of body armour.
You are cold-blooded and may be slowed by cold attacks.


Message History

The foxfire hits the giant cockroach but does no damage.
The foxfire hits the ogre.
The ogre is lightly wounded.
Casting: Foxfire (safe; 7% risk of failure)
Confirm with . or Enter, or press ? or * to list all spells.
You conjure some foxfire!
The foxfire hits the giant cockroach.
The giant cockroach is moderately wounded.
Your foxfire dissipates!
Casting: Foxfire (safe; 7% risk of failure)
Confirm with . or Enter, or press ? or * to list all spells.
You conjure some foxfire!
The giant cockroach barely misses you.
Your foxfire dissipates!
The foxfire hits the giant cockroach.
You kill the giant cockroach!
Makhleb accepts your kill.
Casting: Foxfire (safe; 7% risk of failure)
Confirm with . or Enter, or press ? or * to list all spells.
You conjure some foxfire!
Your foxfire dissipates!
The foxfire hits the ogre.
The ogre is lightly wounded.
Casting: Foxfire (safe; 7% risk of failure)
Confirm with . or Enter, or press ? or * to list all spells.
You conjure some foxfire!
The ogre closely misses you.
Your foxfire dissipates!
The foxfire hits the ogre.
The ogre is moderately wounded.
Casting: Foxfire (safe; 7% risk of failure)
Confirm with . or Enter, or press ? or * to list all spells.
You conjure some foxfire!
The ogre hits you with a +0 giant club!
Ouch! That really hurt!
Your foxfire dissipates!
The foxfire hits the ogre.
The ogre is moderately wounded.
A kobold comes into view. It is wielding a +0 dagger.
The kobold hits you with a +0 dagger. The kobold barely misses you.
The ogre hits you with a +0 giant club!
Ouch! That really hurt!
You die...

#....# #####...
#.†..# ###.......
#....####.........
#.........#.###.##
#.#.#.####...##.##
#.#........#....##
#.###.####...#####
#.###.# ##.## #
#@#...#####.. .
#.OK........## #
###.#######.# #.#
#.# #.# #.# #.#
#.#


You could see an ogre and a kobold.

Vanquished Creatures
  An adder (D:3)
  3 ball pythons
  3 bats
  2 endoplasms (D:1)
  2 giant cockroaches
  A goblin (D:3)
  4 hobgoblins
  A kobold (D:1)
  4 quokkas
  2 frilled lizards
  2 rats
25 creatures vanquished.

Vanquished Creatures (others)
  26 foxfires
  7 plants (D:1)
  6 withered plants (D:1)
39 creatures vanquished.

Grand Total: 64 creatures vanquished

Notes
Turn   | Place    | Note
-------+----------+-------------------------------------------
     0 | D:1      | SoupLadl the Draconian Fire Elementalist began the quest
                  | for the Orb.
     0 | D:1      | Reached XP level 1. HP: 14/14 MP: 3/3
   183 | D:1      | Reached XP level 2. HP: 15/20 MP: 3/5
   233 | D:1      | Found a faded altar of an unknown god.
   293 | D:1      | Prayed at the altar of an unknown god.
   293 | D:1      | Became a worshipper of Makhleb the Destroyer
   293 | D:1      | Reached * piety under Makhleb
   857 | D:3      | Reached XP level 3. HP: 12/26 MP: 6/6
   991 | D:3      | Noticed an ogre
  1032 | D:3      | Slain by an ogre

Illustrated notes

Levels and vault maps discovered:
D:1:      grunt_arrival_lava_bath, layout_basic,
          shapermc_ecumenical_altar_flowoftime, minmay_misc_feat_enclosed,
          fountainhead
D:2:      kb_forest_paths, layout_loops_ring, fountainhead
D:3:      minmay_roachtagon, layout_loops_ring, st_stairs_1
D:4:      layout_loops_ring, uniq_menkaure, uniq_edmund

Skill      XL: |  1 |
---------------+----+-----
Dodging        | 2 |  2.2
Axes           | |  0.9
Stealth        | |  1.7
Spellcasting   | |  2.1
Conjurations   | |  1.1
Fire Magic     | |  3.7

Action                   || total
-------------------------++-------
Melee: Hand axe          ||    78
       Tailslap          ||    11
 Cast: Foxfire           ||    18
Armor: Skin              ||    20
Dodge: Dodged            ||    47
